AoeStats
← Vinnyloot

Black Forest

510400215Analyzed
2v2 RM · 1d ago on Sep 30, 2026· 43m 38s· 4 players
Game mode
Random Map
Map size
Medium (4 player)
Population
200
Speed
Normal
Resources
Standard
Victory
Conquest
Starting age
Dark Age
Ending age
Imperial Age
RankedLock teamsTeams togetherTeam positionsShared explorationLock speedFull tech treeHidden civsTurbo modeCheats
Victory
Defeat
🇨🇦 Wei · Canada
805
+15
🇨🇦 Byzantines · Canada
771
+18
🇮🇹 Persians · Italy
801
-17
🇪🇸 Sicilians · Spain
782
-16
crissheller
0:30 Loom
12:48 Feudal Age
13:36 Town Watch
13:48 Double-Bit Axe
16:32 Horse Collar
22:29 Castle Age
24:35 Fletching
27:50 Gold Mining
30:57 Imperial Age
32:09 Conscription
32:39 Gold Shaft Mining
31:45 Capped Ram
32:42 Elite Serjeant
37:24 Heated Shot
38:35 Chemistry
39:19 Scale Mail Armor
39:30 Forging
39:18 Bodkin Arrow
39:23 Padded Archer Armor
42:51 Hoardings
42:38 Crossbowman
raffaelepierri1987
0:25 Loom
11:17 Feudal Age
21:58 Castle Age
20:21 Horse Collar
20:33 Stone Mining
20:51 Double-Bit Axe
22:40 Heavy Plow
24:24 Wheelbarrow
23:44 Gold Mining
26:03 Gold Shaft Mining
Kwasnica
0:31 Loom
15:40 Feudal Age
18:56 Man-at-Arms
25:06 Forging
24:57 Scale Mail Armor
30:35 Castle Age
29:34 Stone Mining
30:09 Gold Mining
30:57 Fletching
32:35 Chain Mail Armor
34:08 Long Swordsman
34:37 Gambesons
36:29 Iron Casting
37:44 Double-Bit Axe
37:42 Horse Collar
38:24 Squires
43:02 Bodkin Arrow
Vinnyloot
8:28 Loom
11:46 Feudal Age
19:15 Castle Age
18:10 Horse Collar
18:23 Gold Mining
18:23 Stone Mining
20:12 Bloodlines
20:03 Husbandry
20:42 Double-Bit Axe
24:07 Bow Saw
26:04 Man-at-Arms
31:59 Thumb Ring
32:14 Heavy Plow
35:03 Town Watch
35:56 Caravan
39:03 Imperial Age
38:05 Wheelbarrow
38:03 Tuntian
40:09 Conscription
40:57 Parthian Tactics
42:13 Light Cavalry
Connection lost

Rejoining the realm…

Still unreachable

The connection could not be restored.

Session expired

The server has moved on; the page needs a fresh start.